Map: 2000 Atmospheres LE

Players

maru - Winner!

  • Race: Terran Terran

HeroMarine

  • Race: Terran Terran

Event: DreamHack SC2 Masters 2021 Summer

VOD

Have the link to the VOD?

Description

Time

  • Played on: July 3, 2021, 9:19 a.m.
  • Length: 19:46

All games in this series

Show
View Real Time Build Order
Export as new Build Order

maru Terran - Winner!

Build Orders:  

Get SALT Encoding   

  12  0:00  SCV  
  13  0:12  SCV  
  14  0:17  Supply Depot  
  14  0:24  SCV  
  15  0:39  SCV  
  15  0:42  Barracks  
  16  0:47  Refinery  
  16  0:51  SCV  
  16  0:55  Refinery  
  17  1:03  SCV  
  18  1:15  SCV  
  19  1:29  Orbital Command, Barracks Tech Lab  
  19  1:40  Reaper  
  19  1:45  Factory  
  20  1:52  Supply Depot  
  20  1:54  SCV  
  21  2:06  SCV  
  22  2:12  Reaper  
  23  2:19  SCV  
  24  2:25  Command Center  
  24  2:31  Hellion  
  24  2:33  SCV  
  27  2:37  Supply Depot  
  27  2:44  Reaper  
  27  2:45  SCV  
  29  2:52  Hellion  
  29  2:57  Starport  
  31  3:00  SCV  
  32  3:12  SCV  
  33  3:14  Factory Tech Lab  
  33  3:23  Refinery  
  33  3:24  SCV  
  34  3:33  Cyclone, Starport Tech Lab  
  37  3:36  SCV  
  37  3:40  Orbital Command  
  35  3:48  SCV  
  35  3:55  Raven  
  36  4:01  SCV  
  37  4:05  Siege Tank  
  37  4:06  SCV  
  41  4:13  SCV  
  41  4:14  Command Center  
  42  4:18  SCV  
  43  4:25  SCV  
  43  4:29  Refinery  
  43  4:31  SCV  
  45  4:32  Barracks Reactor, Supply Depot  
  45  4:37  SCV  
  45  4:38  Raven  
  48  4:43  SCV  
  49  4:49  SCV, Siege Tank  
  53  4:54  Supply Depot  
  53  4:55  SCV  
  54  5:01  SCV  
  55  5:07  SCV  
  55  5:10  Engineering Bay  
  55  5:11  Engineering Bay  
  55  5:13  SCV  
  57  5:19  SCV  
  58  5:25  SCV  
  58  5:27  Orbital Command, Siege Tank  
  62  5:28  Viking  
  62  5:29  Viking  
  62  5:31  SCV  
  62  5:33  Marine  
  62  5:35  Stimpack  
  67  5:37  SCV  
  68  5:43  Terran Infantry Weapons Level 1  
  68  5:44  Terran Infantry Armor Level 1  
  68  5:45  SCV  
  68  5:49  SCV  
  70  5:52  Barracks x2  
  70  5:53  Orbital Command  
  70  5:54  Marine  
  71  5:58  SCV  
  71  6:00  Supply Depot  
  71  6:02  SCV, Viking  
  75  6:08  Siege Tank  
  75  6:10  SCV  
  79  6:14  SCV  
  80  6:18  Marine  
  80  6:19  Viking  
  80  6:21  SCV, Supply Depot  
  80  6:22  SCV  
  80  6:24  Sensor Tower  
  85  6:26  SCV  
  86  6:33  SCV, Viking  
  86  6:34  SCV  
  86  6:38  SCV  
  86  6:39  Supply Depot x2  
  91  6:42  Barracks Reactor x2  
  91  6:45  SCV  
  91  6:46  SCV, Siege Tank  
  96  6:50  SCV  
  96  6:53  Missile Turret  
  97  6:56  Marine, Missile Turret  
  97  6:57  SCV  
  97  6:58  SCV, Supply Depot  
  100  7:02  SCV  
  100  7:06  Viking x2  
  105  7:09  SCV  
  105  7:10  SCV  
  105  7:11  Refinery x2  
  105  7:14  Marine  
  105  7:15  Supply Depot  
  108  7:16  Armory  
  108  7:18  Combat Shield  
  108  7:21  Marine  
  108  7:22  Marine x3  
  112  7:23  SCV  
  112  7:25  SCV  
  114  7:32  Marine  
  114  7:33  Supply Depot  
  114  7:34  SCV, Supply Depot  
  114  7:36  Barracks x2  
  116  7:37  Medivac x2  
  116  7:40  Marine x2  
  116  7:41  Marine x2  
  124  7:45  Siege Tank  
  124  7:49  Marine  
  124  7:50  SCV  
  129  7:53  Supply Depot  
  129  7:54  Supply Depot  
  129  7:58  Marine  
  129  8:04  SCV x2, Terran Infantry Weapons Level 2, Command Center  
  132  8:05  Terran Infantry Armor Level 2  
  132  8:15  Marine  
  132  8:16  Marine x4  
  136  8:22  Viking x2  
  136  8:23  Factory  
  136  8:26  Barracks Reactor x2  
  140  8:28  SCV x3  
  140  8:33  Marine x2  
  140  8:34  Marine x2  
  146  8:37  Supply Depot  
  146  8:38  Supply Depot  
  148  8:48  Siege Tank  
  150  8:51  Marine x3  
  150  8:52  Marine  
  150  8:54  Barracks Reactor  
  150  8:55  Viking x2  
  156  8:57  Terran Vehicle Weapons Level 1  
  158  9:08  Command Center  
  158  9:09  Marine x8  
  165  9:12  SCV  
  167  9:23  Refinery  
  167  9:24  Siege Tank x2  
  173  9:26  Sensor Tower  
  173  9:27  Refinery, Marine, Supply Depot  
  173  9:28  SCV x3  
  177  9:34  Starport  
  177  9:35  Marine x2  
  177  9:36  Starport, Marine  
  179  9:40  Marine x2  
  179  9:43  Medivac x2  
  185  9:47  Planetary Fortress  
  185  9:56  Armory  
  185  10:10  Marine  
  185  10:11  Command Center  
  185  10:12  Starport Tech Lab x2  
  185  10:13  Viking x2  
  187  10:28  Marine x5  
  189  10:32  Raven x2, Corvid Reactor  
  196  10:45  Sensor Tower  
  196  10:49  Sensor Tower, Missile Turret  
  196  10:50  Missile Turret  
  196  10:52  Terran Infantry Weapons Level 3  
  196  10:59  Planetary Fortress  
  196  11:06  Missile Turret  
  196  11:07  Terran Vehicle Weapons Level 2  
  196  11:08  Terran Vehicle And Ship Armor Level 1  
  196  11:11  Marine x4  
  196  11:13  Refinery  
  196  11:14  Missile Turret  
  200  11:26  Refinery, Missile Turret  
  200  11:28  Refinery, Missile Turret  
  200  11:29  Refinery  
  200  11:33  Marine  
  200  11:34  Marine  
  200  11:36  Siege Tank  
  200  11:38  Terran Infantry Armor Level 3  
  200  11:42  Marine  
  200  11:46  Marine x2  
  200  11:47  Marine x2  
  191  11:51  Marine  
  191  11:52  Siege Tank  
  191  11:53  Raven x2  
  176  11:57  Marine  
  176  11:58  Marine x3  
  176  12:00  Marine  
  181  12:04  Marine x2  
  181  12:08  Siege Tank  
  186  12:15  Command Center  
  186  12:20  Command Center  
  186  12:21  Sensor Tower  
  186  12:24  Starport, Missile Turret  
  186  12:25  Starport  
  186  12:29  Siege Tank  
  189  12:32  Planetary Fortress  
  189  12:36  SCV x2, Raven x2  
  195  12:37  SCV  
  196  12:44  Missile Turret x2  
  178  13:09  Starport Tech Lab  
  178  13:10  Starport Tech Lab, Marine, Siege Tank x2  
  178  13:11  Marine x7  
  184  13:19  Raven x2  
  187  13:27  Orbital Command  
  187  13:29  Hi-Sec Auto Tracking  
  187  13:34  Raven x2  
  187  13:35  Orbital Command  
  187  13:37  Command Center  
  191  13:47  Siege Tank x2  
  193  13:53  Marine x2  
  190  14:01  Medivac x2  
  190  14:02  SCV x2, Raven x2  
  200  14:14  Terran Vehicle And Ship Armor Level 2, Terran Ship Weapons Level 1  
  177  14:33  Raven x2  
  177  14:35  Marine x3, Siege Tank x2  
  187  14:44  Raven  
  189  14:50  Raven  
  191  14:54  Orbital Command  
  191  14:57  Command Center  
  184  15:03  Medivac x2  
  186  15:07  Siege Tank x2  
  186  15:12  Marine x9  
  196  15:16  Raven x2  
  196  15:20  Command Center  
  200  15:37  Sensor Tower  
  200  15:40  Sensor Tower, Missile Turret  
  200  15:41  Missile Turret  
  199  15:45  Marine  
  199  15:48  Neosteel Armor  
  200  15:52  Marine  
  191  15:59  Marine x6, Missile Turret x3  
  190  16:07  Marine x3  
  190  16:08  Terran Vehicle Weapons Level 3  
  190  16:09  Siege Tank x2  
  190  16:10  Orbital Command, Marine  
  191  16:17  Marine x3  
  194  16:20  Planetary Fortress  
  194  16:38  Planetary Fortress  
  194  16:40  Missile Turret  
  194  16:41  Siege Tank  
  194  16:42  Marine x2  
  194  16:44  Marine  
  194  16:46  Marine  
  198  16:47  Marine x3  
  189  17:06  Marine  
  187  17:12  Marine x2  
  162  17:16  Marine  
  162  17:18  Siege Tank x2  
  162  17:20  Marine x6  
  164  17:24  SCV, Marine  
  162  17:30  Marine x2  
  162  17:34  Marine  
  162  17:35  Barracks  
  162  17:36  SCV  
  166  17:38  Barracks x2, Marine x3  
  166  17:42  Marine x3  
  166  17:43  Marine  
  168  17:48  SCV  
  168  17:49  SCV x4  
  168  17:50  SCV x4, Siege Tank  
  179  17:55  Marine  
  179  17:56  Marine  
  181  17:59  Marine  
  181  18:00  SCV, Marine  
  184  18:12  SCV, Marine  
  186  18:13  Marine x2, Siege Tank  
  186  18:14  Marine  
  184  18:22  Siege Tank  
  185  18:38  Raven x4, Medivac x2  
  185  18:39  Orbital Command  
  193  18:41  Marine  
  193  18:42  Marine x7  
  199  18:49  Barracks Reactor x3  
  199  18:54  Marine x2  
  191  18:59  Marine x3  
  191  19:03  Marine x5  
  191  19:07  Missile Turret  
  191  19:08  Missile Turret  
  196  19:12  Marine x2  
  197  19:24  Marine x5  
Show
View Real Time Build Order
Export as new Build Order

HeroMarine Terran 

Build Orders:  

Get SALT Encoding   

  12  0:00  SCV  
  13  0:12  SCV  
  14  0:17  Supply Depot  
  14  0:24  SCV  
  15  0:38  SCV  
  15  0:39  Barracks  
  15  0:42  Refinery  
  16  0:50  SCV  
  16  0:52  Refinery  
  17  1:02  SCV  
  18  1:15  SCV  
  19  1:26  Reaper  
  19  1:27  Orbital Command  
  19  1:28  Supply Depot  
  20  1:41  Factory  
  20  1:55  SCV, Bunker  
  22  2:04  Reaper  
  22  2:07  SCV  
  23  2:19  SCV  
  24  2:26  Hellion  
  26  2:32  SCV  
  26  2:37  Barracks Reactor  
  26  2:40  Command Center  
  26  2:44  SCV  
  27  2:47  Widow Mine, Supply Depot  
  29  2:56  SCV  
  29  2:57  Starport  
  30  3:08  SCV, Factory Tech Lab  
  31  3:13  Marine x2  
  33  3:20  SCV  
  37  3:27  Cyclone  
  37  3:28  Refinery  
  37  3:32  SCV, Marine  
  39  3:37  Marine  
  39  3:39  Starport Tech Lab  
  38  3:44  SCV  
  38  3:50  Marine  
  38  3:53  Orbital Command  
  38  3:55  Marine  
  38  3:56  SCV  
  38  4:02  Raven  
  40  4:07  Marine  
  41  4:12  SCV  
  41  4:13  Marine  
  41  4:15  Siege Tank  
  46  4:19  SCV  
  46  4:21  Supply Depot  
  47  4:24  SCV  
  47  4:27  Marine  
  47  4:30  Marine  
  50  4:31  SCV  
  50  4:36  SCV  
  52  4:43  SCV  
  52  4:44  Raven  
  55  4:45  Supply Depot  
  55  4:48  SCV  
  58  4:53  Supply Depot  
  58  4:55  SCV  
  58  4:59  Siege Tank  
  62  5:02  SCV  
  61  5:07  Command Center  
  61  5:10  SCV  
  61  5:14  Marine x2  
  62  5:21  SCV  
  65  5:22  SCV  
  65  5:26  Refinery  
  65  5:27  Supply Depot  
  66  5:31  Siege Tank  
  66  5:34  SCV x2  
  71  5:40  Viking x2  
  71  5:41  Marine  
  71  5:42  Stimpack  
  76  5:46  SCV x2  
  78  5:57  Barracks  
  78  5:58  SCV x2, Barracks  
  78  6:03  Siege Tank  
  83  6:10  Viking  
  83  6:11  SCV  
  86  6:19  SCV, Marine, Viking  
  86  6:23  SCV  
  89  6:32  SCV  
  90  6:33  Engineering Bay  
  90  6:34  Engineering Bay  
  90  6:35  SCV  
  90  6:37  Siege Tank  
  90  6:39  Orbital Command  
  95  6:44  SCV  
  95  6:45  Barracks Reactor x2  
  96  6:47  SCV, Viking  
  96  6:49  Supply Depot  
  96  6:52  Viking  
  100  6:57  Supply Depot  
  100  7:00  Terran Infantry Weapons Level 1  
  100  7:01  Terran Infantry Armor Level 1  
  100  7:02  SCV  
  100  7:06  Refinery  
  101  7:10  Refinery  
  101  7:11  SCV x2  
  101  7:12  Sensor Tower  
  101  7:14  SCV  
  104  7:18  Supply Depot  
  104  7:22  Siege Tank  
  107  7:23  SCV x2  
  107  7:26  SCV  
  112  7:34  Supply Depot  
  112  7:35  SCV x2, Supply Depot  
  114  7:37  Combat Shield  
  114  7:39  SCV  
  114  7:43  Command Center  
  113  7:47  SCV  
  113  7:48  SCV, Barracks  
  113  7:50  Medivac  
  117  7:51  Barracks, Medivac  
  117  7:53  Marine x2  
  117  7:54  Marine x2  
  117  7:57  Marine  
  124  8:01  Armory  
  124  8:03  Siege Tank  
  127  8:09  SCV x2, Supply Depot  
  127  8:10  SCV, Marine, Supply Depot  
  127  8:12  Marine x2  
  133  8:15  Marine  
  133  8:16  Marine  
  135  8:22  Viking x2  
  139  8:28  Marine  
  139  8:30  Marine x2  
  139  8:33  Marine x2  
  144  8:34  Supply Depot  
  144  8:35  SCV x2  
  144  8:36  SCV  
  144  8:39  Barracks Reactor x2, Siege Tank  
  150  8:46  Marine  
  150  8:48  Marine  
  146  8:52  SCV x3  
  146  8:54  Terran Vehicle Weapons Level 1  
  149  8:58  Terran Infantry Armor Level 2, Terran Infantry Weapons Level 2  
  149  8:59  Marine  
  149  9:00  Marine  
  151  9:04  Marine  
  151  9:05  Marine  
  151  9:06  Factory  
  156  9:11  Viking  
  156  9:13  Barracks Reactor  
  156  9:17  Sensor Tower, Marine x5  
  158  9:18  Refinery  
  158  9:19  Refinery  
  158  9:20  Planetary Fortress  
  158  9:22  Marine  
  158  9:23  Marine  
  160  9:25  Marine, Supply Depot  
  161  9:34  Marine  
  161  9:35  Marine x4  
  161  9:36  Viking, Siege Tank  
  166  9:40  Marine  
  166  9:41  Marine, Viking  
  166  9:43  Marine  
  171  9:52  Starport, Marine x2, Siege Tank  
  175  9:53  Starport  
  175  9:56  Marine x5  
  175  9:57  Marine  
  175  9:59  Marine  
  183  10:01  Marine  
  184  10:10  Marine x2  
  188  10:14  Supply Depot  
  188  10:15  Supply Depot  
  188  10:17  Marine  
  188  10:18  Marine  
  187  10:33  Medivac, Siege Tank  
  188  10:36  Medivac  
  188  10:37  Siege Tank  
  193  10:43  Command Center  
  193  10:44  Command Center  
  193  10:54  Starport Reactor  
  193  10:55  Starport Reactor, Terran Ship Weapons Level 1, Fusion Core  
  192  10:58  Marine  
  192  10:59  Marine x2  
  192  11:00  Marine x2  
  192  11:03  Viking  
  195  11:06  Viking  
  197  11:22  Terran Infantry Weapons Level 3, Armory, Terran Infantry Armor Level 3  
  197  11:26  Command Center  
  193  11:33  Medivac  
  193  11:36  Medivac  
  190  11:44  Siege Tank x2  
  190  11:45  Marine x2  
  190  11:46  Marine x3  
  185  11:52  Marine x3  
  176  11:54  Marine x2  
  176  11:56  Viking x2  
  176  11:57  Liberator x2  
  188  12:03  Marine x2, Liberator  
  188  12:04  Marine x3  
  188  12:06  Viking  
  198  12:09  Marine  
  198  12:10  Marine  
  200  12:20  Orbital Command  
  200  12:28  Missile Turret  
  200  12:29  Missile Turret  
  200  12:30  Advanced Ballistics  
  200  12:31  Terran Vehicle And Ship Armor Level 1  
  200  12:43  Refinery  
  200  12:44  Command Center  
  200  12:45  Refinery  
  192  13:00  Viking  
  192  13:01  Viking  
  192  13:03  Viking x2  
  187  13:06  Viking x2  
  187  13:12  Marine x3  
  182  13:15  Planetary Fortress  
  183  13:26  Siege Tank  
  185  13:27  Marine  
  185  13:28  Marine  
  185  13:30  Viking  
  185  13:31  Viking  
  185  13:33  Viking x2  
  195  13:36  Liberator  
  198  13:42  Terran Vehicle Weapons Level 2  
  198  13:46  Viking  
  196  13:49  Rapid Reignition System  
  196  13:50  Marine x3  
  196  13:53  Marine  
  200  13:57  Orbital Command  
  200  14:05  Command Center  
  200  14:30  Siege Tank x2  
  200  14:31  Marine x10  
  174  14:32  Liberator x2  
  174  14:33  Liberator x2  
  172  14:42  Liberator x2  
  178  14:49  Marine x10  
  170  15:02  Siege Tank x2  
  170  15:06  Marine  
  176  15:07  Marine x2  
  176  15:12  Smart Servos  
  179  15:14  Terran Vehicle And Ship Armor Level 2  
  179  15:15  Liberator x2  
  185  15:27  Refinery  
  185  15:30  Liberator x2  
  185  15:34  Siege Tank x2  
  197  15:35  Marine x2  
  197  15:36  Marine  
  200  15:58  Terran Ship Weapons Level 2  
  199  16:11  Siege Tank  
  194  16:19  Command Center x2, Siege Tank  
  194  16:20  Marine x2  
  194  16:23  Sensor Tower, Missile Turret  
  194  16:25  Liberator  
  199  16:28  Marine x2  
  193  16:40  Liberator  
  195  16:52  Marine, Siege Tank  
  195  16:53  Marine  
  199  17:01  Marine  
  199  17:05  Marine  
  196  17:09  Marine  
  196  17:10  Marine x2  
  196  17:13  Marine, Siege Tank  
  196  17:14  Marine  
  188  17:17  Marine x2  
  185  17:27  Liberator, Siege Tank  
  185  17:28  Liberator  
  185  17:29  Medivac x2  
  198  17:30  Marine x2  
  200  17:44  Orbital Command  
  200  17:46  Orbital Command  
  200  17:47  Marine  
  200  17:50  Liberator x2  
  194  18:13  Liberator x2  
  199  18:21  Marine  
  194  18:43  Liberator x2  
  200  18:50  Marine x2  
  200  18:51  Marine  
  200  18:53  Marine x3  
  200  18:55  Marine x2  
  190  19:08  Marine x3  
  190  19:09  Siege Tank x2  
  199  19:11  Marine  
Tags
 
Add a new tag
Caveats
  • Supply blocks, unpowered buildings, or Contaminate may cause inaccurate times.
  • Supply counts are checked every 10 seconds.